 Dungeon Crawl Stone Soup version 0.18-a0-1157-g59db91b (webtiles) character file.

307909 namelastname112 the Alchemist (level 20, -5/259 HPs)
             Began as a White Draconian Chaos Knight on Jan 23, 2016.
             Slain by a large abomination (16 damage)
             ... on level 3 of the Abyss.
             The game lasted 02:01:30 (38139 turns).

namelastname112 the Alchemist (DrCK)               Turns: 38139, Time: 02:01:30

Health: -5/259     AC: 20    Str: 26    XL:     20   Next: 34%
Magic:  14/37      EV: 13    Int: 19    God:    Xom [.*....]
Gold:   456        SH:  0    Dex: 16    Spells: 6 memorised, 13 levels left

rFire  . . .     SeeInvis .       - Unarmed
rCold  + + .     Gourm    .     (armour unavailable)
rNeg   . . .     Faith    .     (shield currently unavailable)
rPois  +         Spirit   .     (helmet currently unavailable)
rElec  .         Dismiss  .     (cloak currently unavailable)
rCorr  .         Reflect  .     (gloves currently unavailable)
SustAt .         Harm     .     (boots currently unavailable)
MR     +....                    E - amulet of regeneration
Stlth  +.........               y - ring of protection from fire
                                N - ring of wizardry

@: lethally poisoned (-5 -> -5), dragon-form, flying, very slightly
contaminated, somewhat resistant to hostile enchantments, very unstealthy
A: breathe frost, unfitting armour, (beak), (claws 0), (talons 0), (camouflage
0), blurry vision 1, clever 1, (cold resistance 0), deterioration 2, (shaggy fur
0), strong 1, wild magic 1, evolution 1, no device heal 1, (cold-blooded), AC
+10
a: Breathe Frost, End Transformation, Renounce Religion
}: 2/15 runes: decaying, gossamer


You were on level 3 of the Abyss.
You worshipped Xom.
You were a plaything of Xom.
You were not hungry.
You were a fearsome dragon!
You visited 6 branches of the dungeon, and saw 32 of its levels.
You visited the Abyss 1 time.
You also visited: Labyrinth and Ice Cave.

You collected 3215 gold pieces.
You spent 2759 gold pieces at shops.

Inventory:

Armour
 D - a +0 pair of boots (melded)
 L - a +2 hat of see invisible (melded)
 Q - the +3 pair of gloves of Mirth (melded) {rPois rN+ Regen+ Int-5}
   (You bought it in a shop on level 6 of the Dungeon)

   It affects your intelligence (-5).
   It protects you from poison.
   It protects you from negative energy.
   It increases your rate of regeneration.
 T - a +1 cloak of magic resistance (melded)
Rods
 f - a +9 lightning rod (11/11)
   (Xom gifted it to you on level 4 of the Dungeon)
Jewellery
 y - a ring of protection from fire (right foreclaw)
 E - an amulet of regeneration (around neck)
 N - a ring of wizardry (left foreclaw)
 Y - the ring of the Priest {EV+4 Str+3}
   (You found it on level 2 of the Swamp)

   [ring of evasion]

   It affects your evasion (+4).
   It affects your strength (+3).
Wands
 h - a wand of draining (2/15)
 j - a wand of draining (0/15)
 l - a wand of cold (9/15)
 o - a wand of heal wounds (0/9)
 w - a wand of draining (3/15)
 z - a wand of disintegration (0/24)
 J - a wand of teleportation (0/9)
 P - a wand of draining (5/15)
Scrolls
 r - 3 scrolls of enchant weapon
 B - a scroll of summoning
 H - 2 scrolls of magic mapping
 I - 3 scrolls of amnesia
 K - 3 scrolls of identify
 S - 10 scrolls of remove curse
 U - a scroll of fear
 X - 2 scrolls of fog
Potions
 c - a potion of invisibility
 d - a potion of haste
 e - 7 potions of curing
 n - 2 potions of flight
 p - 3 potions of magic
 q - 2 potions of berserk rage
 s - 3 potions of agility
 t - 4 potions of brilliance
 v - 5 potions of might
 x - 8 potions of resistance
 A - a potion of heal wounds
 R - 4 potions of cancellation
 V - a potion of ambrosia
Books
 W - a book of Dreams

   Spells                             Type                      Level
   a - Ensorcelled Hibernation        Hexes/Ice                    2
   b - Phase Shift                    Translocation                5
   c - Silence                        Hexes/Air                    5
   d - Darkness                       Hexes                        6
   e - Mass Confusion                 Hexes                        6
   f - Shadow Creatures               Summoning                    6
Miscellaneous
 b - a sack of spiders
 m - a legendary deck of summoning {the Illusion, drawn: 1}
 u - a phial of floods
 C - a phial of floods
 F - a piece from Xom's chessboard
 G - a sack of spiders
 O - a disc of storms
 Z - a stone of tremors
Comestibles
 a - 8 bread rations
 g - 33 fruits
 i - 3 slices of pizza
 k - 10 meat rations
 M - 4 chunks of flesh


   Skills:
 - Level 13.9 Fighting
 - Level 13.0 Dodging
 - Level 16.0 Unarmed Combat
 - Level 13.0 Spellcasting
 + Level 9.5 Charms
 - Level 16.2 Transmutations
 + Level 8.7 Air Magic
 - Level 8.3 Evocations


You had 13 spell levels left.
You knew the following spells:

 Your Spells              Type           Power        Failure   Level  Hunger
a - Dragon Form           Trmt           #######...   6%          7    #######
b - Ice Form              Ice/Trmt       ######..     2%          4    #......
c - Statue Form           Trmt/Erth      ######...    22%         6    ######.
d - Regeneration          Chrm/Necr      #####.....   2%          3    None
e - Haste                 Chrm           ######..     14%         6    ######.
f - Deflect Missiles      Chrm/Air       ######....   16%         6    ######.


Dungeon Overview and Level Annotations

Branches:
Dungeon (11/15)            Temple (0/1) D:7            Lair (8/8) D:9
  Swamp (4/4) Lair:4       Spider (4/4) Lair:6        Slime (0/6) Lair:7
    Orc (2/2) D:11            Elf (3/3) Orc:2

Altars:
Cheibriados
Dithmenos
Fedhas
Gozag
Kikubaaqudgha
Makhleb
Nemelex Xobeh
Okawaru
Qazlal
Ru
Sif Muna
Trog
Xom
Zin
The Shining One
Beogh

Shops:
D:4 ?   D:6 *[   D:9 ?   Orc:1 *   Orc:2 *[=?   Elf:3 =}:

Portals:
Trove: Elf:1 (show abyssal rune of Zot)

Annotations:
Elf:2 3 runed doors


Innate Abilities, Weirdness & Mutations

You can breathe waves of freezing cold.
You can buffet flying creatures when you breathe cold.
Your icy white scales are hard (AC +10).
Your body does not fit into most forms of armour.
((Your flesh is cold resistant.))
((You are cold-blooded and may be slowed by cold attacks.))
((You have a beak for a mouth.))
((You have sharp fingernails.))
((You have sharp toenails.))
((Your skin changes colour to match your surroundings (Stealth).))
Your mind is acute. (Int +2)
((You are covered in fur (AC +1).))
Your muscles are strong. (Str +2)
Your spells are a little harder to cast, but a little more powerful.
You evolve.
Potions and wands are less effective at restoring your health.
[Scrolls take you a little longer to read.]
[Your body often deteriorates upon taking damage.]


Message History

You are more poisoned.
The eye of draining looks even sicker.
* * * LOW HITPOINT WARNING * * *
You feel sick.
The smoke demon hits you but does no damage. x2
The smoke demon barely misses you.
Unknown command.
Read which item? (? for menu, Esc to quit)
Okay, then.
Drink which item? (? for menu, Esc to quit)
You feel better.
You are poisoned.
Your toxic aura wanes.
You feel sick.
The wretched star pulses with an eldritch light!
You feel yourself wasting away.
You feel your body start to fall apart.
The smoke demon twists and deforms.
The eye of draining twists and deforms.
The large abomination hits you!
You die...
Xom snickers!

.. .. #### #. ...
#.### #.#..#
##.... ###.. .
#....### ##..xz#
###.
##.##.#.#§###..#.
.. x..
#......X*§...#.##.
##* ..##X.G3D.X..#
.# . ..#
#...w...#..##.# #.
. #.#..│......#
##...# #
#.?*......#
###.###
#.........# # . .
#.........# . #
#.........# . #
#..........


You could see an eldritch tentacle, a wretched star, 3 large abominations, an
eye of draining and a smoke demon.

Vanquished Creatures
  An ancient lich (Abyss:3)
  Saint Roka (Orc:2)
  Jorgrun (Spider:3)
  A deep elf blademaster (Elf:3)
  The ghost of WhatIsLove the Tortoise, an adept DsGl of Cheibriados (Elf:1)
  3 thorn hunters
  Gastronok (Lair:2)
  Kirke (Spider:1)
  A daeva (Abyss:3)
  Wiglaf (Spider:3)
  A frost giant (IceCv)
  5 deep elf sorcerers
  6 emperor scorpions
  4 ghost moths (Spider:4)
  A deep elf elementalist (Elf:3)
  Aizul (Orc:2)
  A green draconian (Abyss:3)
  5 deep elf demonologists (Elf:3)
  A deep elf annihilator (Elf:1)
  A blizzard demon (Abyss:3)
  A minotaur (Lab)
  4 deep elf death magi
  4 fire dragons
  A deep elf high priest (Elf:3)
  3 entropy weavers
  26 hydras
  A ghost crab (Swamp:4)
  A catoblepas (shapeshifter) (Spider:4)
  12 dancing weapons
  6 alligators
  6 orc high priests (Orc:2)
  3 death yaks (Lair:7)
  A thrashing horror (Abyss:3)
  The ghost of crawlian the Grappler, a novice TrMo of Cheibriados (Lair:1)
  A shock serpent (Abyss:2)
  12 deep elf knights
  Nergalle (Lair:2)
  A soul eater (Abyss:3)
  Sonja (Lair:4)
  4 wretched stars (Abyss:3)
  A shadow wraith (Abyss:3)
  A spatial maelstrom (Abyss:3)
  2 spriggan druids
  8 swamp dragons
  A giant orange brain (Elf:3)
  2 unseen horrors (D:11)
  2 shambling mangroves (Swamp:3)
  An anubis guard (Spider:1)
  A phantasmal warrior (D:11)
  2 lindwurms (Swamp:4)
  23 deep elf archers
  2 orc knights (Orc:1)
  3 hill giants
  A harpy (D:9)
  21 orb spiders
  An orc sorcerer (Elf:1)
  The ghost of namelastname112 the Grappler, a novice DrCK of Xom (D:6)
  23 wolf spiders
  45 deep elf magi
  A cyclops (D:11)
  3 griffons
  7 hornets
  16 elephants
  3 worldbinders (Abyss:3)
  3 moths of wrath
  An apocalypse crab (Abyss:3)
  A centaur zombie (D:11)
  An eye of devastation (Lair:7)
  3 smoke demons (Abyss:3)
  6 black mambas
  A torpor snail (Spider:1)
  An ice statue (IceCv)
  A guardian serpent (Lair:8)
  2 molten gargoyles (Lair:7)
  A centaur skeleton (D:11)
  28 spiny frogs
  A gargoyle (D:10)
  2 kobold demonologists (Swamp:1)
  7 komodo dragons
  16 demonic crawlers
  A ghost moth simulacrum (Abyss:3)
  8 fire drakes
  A jumping spider (shapeshifter) (Elf:2)
  A polar bear (shapeshifter) (Abyss:3)
  A queen bee (Lair:4)
  3 freezing wraiths
  A troll (D:10)
  3 ancient zymes (Abyss:3)
  12 polar bears (IceCv)
  29 jumping spiders
  2 bog bodies
  3 slime creatures (Swamp:3)
  4 giant leeches
  27 blink frogs
  3 raiju (Abyss:3)
  30 starcursed masses (Abyss:3)
  A flying skull (Abyss:3)
  51 redbacks
  3 wraiths
  3 air elementals
  10 spriggans
  25 tarantellas
  4 water elementals
  Eustachio (D:4)
  55 yaks
  4 shadows
  4 fire bats
  3 fire elementals
  2 wyverns (Lair:8)
  13 hippogriffs
  2 basilisks
  2 hungry ghosts (Lab)
  A chaos spawn (Abyss:3)
  6 hogs (Spider:1)
  A steam dragon (Swamp:4)
  13 vampire mosquitoes
  A neqoxec (Abyss:3)
  3 small abominations (Abyss:3)
  3 large abominations (Abyss:3)
  32 wolves
  19 insubstantial wisps
  A spatial vortex (Abyss:3)
  20 swamp worms
  6 wargs
  10 mottled dragons
  20 water moccasins
  A porcupine (shapeshifter) (Lair:4)
  6 porcupines
  3 sky beasts
  3 black bears
  14 swamp drakes
  2 ice beasts
  18 wasps
  27 orc warriors
  3 phantoms
  An eye of draining (Lair:7)
  A necrophage (D:8)
  13 ogres
  The ghost of namelastname112 the Ruffian, an amateur DrCK of Xom (D:3)
  4 centaurs
  17 crocodiles
  3 big kobolds
  19 giant frogs
  5 earth elementals
  3 scorpions
  23 killer bees (Lair:4)
  2 vampire bats (Abyss:2)
  8 wights (D:9)
  3 electric eels
  2 lava snakes
  2 crimson imps
  A giant frog zombie (D:8)
  The ghost of asdu the Caller, a weakling KoSu (D:4)
  A quasit (Abyss:3)
  9 hounds
  4 jellies
  15 orc wizards
  A giant frog skeleton (D:10)
  37 orc priests
  14 iguanas
  6 hell rats (Lair:7)
  11 worker ants
  27 sheep
  3 hound zombies
  A hound skeleton (D:7)
  9 gnolls
  14 adders
  85 river rats
  A shadow imp (D:5)
  13 white imps
  An ufetubus (Abyss:3)
  An ooze (D:2)
  3 adder skeletons
  5 worms
  A giant gecko (D:7)
  95 orcs
  6 giant cockroaches
  32 hobgoblins
  4 jackals (D:2)
  16 kobolds
  3 quokkas
  2 ball pythons
  8 bats
  9 giant newts
  38 goblins
  A jackal skeleton (D:8)
  6 rats
  4 fungi
  A lurking horror (Abyss:3)
  7 plants (Lair:8)
1502 creatures vanquished.

Vanquished Creatures (collateral kills)
  A deep elf elementalist (Elf:3)
  A giant orange brain (Abyss:3)
  A deep elf archer (Elf:3)
  Pikel (D:4)
  The ghost of namelastname112 the Gouger, a novice FeTm of Sif Muna (D:8)
  An ugly thing (D:11)
  3 blink frogs (Lair:5)
  A spriggan (Swamp:3)
  Sigmund (D:4)
  A tarantella (Spider:1)
  A wolf (IceCv)
  An orc warrior (D:8)
  A sky beast (D:2)
  2 slaves (D:4)
  An ogre (D:5)
  2 big kobolds (D:3)
  A giant frog (D:8)
  A gnoll sergeant (D:8)
  A crimson imp (D:5)
  An orc wizard (D:4)
  An orc priest (D:4)
  An adder (D:4)
  4 gnolls
  An ooze (D:4)
  A giant gecko (D:4)
  4 orcs
  A giant cockroach (D:2)
  A quokka (D:5)
38 creatures vanquished.

Vanquished Creatures (others)
  A dancing weapon (Elf:1)
  A lindwurm (Swamp:4)
  A spiny frog (Swamp:1)
  2 ball lightnings (Elf:1)
  A jumping spider (Spider:4)
  3 polar bears (IceCv)
  A redback (Spider:2)
  A tarantella (Spider:1)
  3 yaks (IceCv)
  A human (Spider:1)
  2 wolves
  An orc priest (Orc:1)
  A jelly (Abyss:3)
  2 river rats (Lair:4)
  An orc (Orc:2)
  2 crawling corpses (Elf:3)
  13 eldritch tentacle segments (Abyss:3)
  42 fungi
  A lurking horror (Abyss:3)
  36 plants
  12 starspawn tentacles (Abyss:3)
  53 starspawn tentacle segments (Abyss:3)
181 creatures vanquished.

Grand Total: 1721 creatures vanquished

Notes
Turn   | Place    | Note
--------------------------------------------------------------
     0 | D:1      | namelastname112 the Draconian Chaos Knight began the quest for the Orb.
     0 | D:1      | Reached XP level 1. HP: 19/19 MP: 1/1
    67 | D:1      | XOM: harmless Air miscast
   136 | D:1      | XOM: silly message
   164 | D:1      | XOM: vitrification
   200 | D:1      | Reached XP level 2. HP: 26/26 MP: 2/2
   218 | D:1      | XOM: 1-stop teleportation journey
   651 | D:1      | Reached skill level 4 in Unarmed Combat
   690 | D:1      | XOM: 3-stop teleportation journey
   860 | D:2      | Reached XP level 3. HP: 26/31 MP: 3/3
   981 | D:2      | XOM: smoke on damage
  1177 | D:2      | Reached XP level 4. HP: 34/38 MP: 4/4
  1184 | D:2      | Reached skill level 5 in Unarmed Combat
  1194 | D:2      | XOM: swap monsters
  1209 | D:2      | XOM: god gift: 17 stones
  1436 | D:2      | XOM: god gift: 18 gold pieces
  1499 | D:2      | Found a bloodstained altar of Trog.
  1713 | D:3      | Noticed namelastname112's ghost (amateur DrCK)
  1843 | D:3      | Found a sparkling altar of Nemelex Xobeh.
  1856 | D:3      | Noticed a sky beast
  1890 | D:2      | XOM: summons 3 friendly demons
  1897 | D:2      | XOM: summons friendly shadow imp
  1916 | D:2      | Killed a sky beast
  1916 | D:2      | Reached XP level 5. HP: 36/45 MP: 5/5
  2019 | D:3      | XOM: divination: detect items
  2020 | D:3      | XOM: potion effect (agility)
  2025 | D:3      | Killed namelastname112's ghost
  2025 | D:3      | Reached skill level 6 in Unarmed Combat
  2251 | D:3      | XOM: noise
  2303 | D:3      | Reached XP level 6. HP: 30/51 MP: 6/6
  2352 | D:3      | XOM: give mutations
  2352 | D:3      | Gained mutation: You have a pair of small antennae on your head. [Xom's grace]
  2352 | D:3      | Gained mutation: You evolve. [Xom's grace]
  2393 | D:3      | XOM: harmless Erth miscast
  2428 | D:3      | XOM: colour smoke trail
  2483 | D:3      | XOM is BORED!
  2483 | D:3      | XOM: chaos upgrade
  2543 | D:3      | XOM: scenery: 1 doors close
  2600 | D:3      | Reached skill level 7 in Unarmed Combat
  3044 | D:3      | XOM: cast spell 'Olgreb's Toxic Radiance'
  3046 | D:3      | XOM: cast spell 'Summon Mana Viper'
  3053 | D:3      | Reached skill level 8 in Unarmed Combat
  3053 | D:3      | Reached XP level 7. HP: 52/57 MP: 7/7
  3053 | D:3      | Your scales start taking on an icy white colour.
  3053 | D:3      | Gained mutation: Your flesh is cold resistant. [White Draconian growth]
  3414 | D:3      | XOM: stat loss: -1 Int (11/12)
  3542 | D:3      | Found an opulent altar of Gozag.
  3607 | D:3      | XOM: stat loss: -1 Str (13/14)
  3619 | D:3      | Found a deep blue altar of Sif Muna.
  3656 | D:3      | Gained mutation: Your muscles are strong. (Str +2) [evolution]
  3745 | D:3      | Found a shadowy altar of Dithmenos.
  3746 | D:3      | XOM: noise
  3755 | D:3      | Found a blossoming altar of Fedhas.
  3898 | D:3      | XOM: give mutations
  3898 | D:3      | Gained mutation: Your natural rate of healing is unusually fast. [Xom's grace]
  3898 | D:3      | Gained mutation: Your system is resistant to poisons. [Xom's grace]
  4161 | D:4      | Noticed asdu's ghost (weakling KoSu)
  4248 | D:4      | Killed asdu's ghost
  4310 | D:4      | Found Xapaerie's Magic Scroll Emporium.
  4343 | D:4      | Found an iron altar of Okawaru.
  4396 | D:4      | Noticed Pikel
  4396 | D:4      | Noticed Eustachio
  4396 | D:4      | XOM: enchant monster (good)
  4398 | D:4      | XOM: swap monsters
  4402 | D:4      | XOM: cast spell 'Spider Form'
  4433 | D:4      | XOM: enchant monster (good)
  4441 | D:4      | Killed Pikel
  4441 | D:4      | Reached skill level 9 in Unarmed Combat
  4569 | D:3      | XOM: vitrification
  4659 | D:3      | XOM: god gift: bread ration
  4691 | D:4      | Noticed Sigmund
  4700 | D:4      | Killed Sigmund
  4700 | D:4      | Reached XP level 8. HP: 29/63 MP: 8/8
  4794 | D:4      | Found a sand-covered staircase.
  4836 | D:4      | XOM: give mutations
  4836 | D:4      | Lost mutation: Your muscles are strong. (Str +2) [Xom's mischief]
  4836 | D:4      | Gained mutation: You are weak. (Str -2) [Xom's mischief]
  4836 | D:4      | Gained mutation: You occasionally shout uncontrollably at your foes. [Xom's mischief]
  4922 | D:4      | Reached skill level 10 in Unarmed Combat
  4950 | D:4      | XOM: fog
  4958 | D:4      | Killed Eustachio
  5074 | D:4      | XOM: 3-stop teleportation journey
  5185 | D:4      | XOM: god gift: gnarled smoking rod {god gift}
  5613 | D:4      | Learned a level 7 spell: Dragon Form
  5617 | D:5      | Entered Level 5 of the Dungeon
  5775 | D:5      | Found a sacrificial altar of Ru.
  5775 | D:5      | Found a stormy altar of Qazlal.
  5853 | D:5      | Reached skill level 11 in Unarmed Combat
  5964 | D:5      | XOM: cast spell 'Statue Form'
  5985 | D:5      | Found a shimmering altar of Xom.
  6039 | D:6      | Found an opulent altar of Gozag.
  6227 | D:6      | Noticed namelastname112's ghost (novice DrCK)
  6242 | D:6      | XOM: give mutations
  6242 | D:6      | Lost mutation: You are weak. (Str -2) [Xom's mischief]
  6242 | D:6      | Gained mutation: You are resistant to hostile enchantments. [Xom's mischief]
  6242 | D:6      | Lost mutation: You occasionally shout uncontrollably at your foes. [Xom's mischief]
  6266 | D:6      | XOM: give mutations
  6266 | D:6      | Lost mutation: You are resistant to hostile enchantments. [Xom's mischief]
  6266 | D:6      | Gained mutation: You occasionally shout uncontrollably at your foes. [Xom's mischief]
  6287 | D:6      | XOM: give mutation
  6287 | D:6      | Gained mutation: You are clumsy. (Dex -2) [Xom's mischief]
  6541 | D:6      | Found Aneoneda's Antique Armour Shop.
  6541 | D:6      | XOM: 6-stop teleportation journey
  6600 | D:6      | Found a glowing silver altar of Zin.
  6601 | D:6      | Noticed an angel
  6603 | D:6      | Found Dokon's Hallowed Reliquary.
  6603 | D:6      | XOM: summons 8 friendly demons
  6648 | D:6      | Killed namelastname112's ghost
  6648 | D:6      | Reached XP level 9. HP: 70/70 MP: 9/9
  6683 | D:6      | Bought a scroll of holy word for 82 gold pieces
  6683 | D:6      | Bought a potion of heal wounds for 55 gold pieces
  6700 | D:6      | Reached skill level 12 in Unarmed Combat
  6756 | D:6      | XOM: smoke on damage
  6764 | D:6      | Gained mutation: You have a pair of antennae on your head. [mutagenic meat]
  6765 | D:6      | Gained mutation: You expend magic power (3 MP) to strengthen your wands. [mutagenic meat]
  6766 | D:6      | Gained mutation: You tend to lose your temper in combat. [mutagenic meat]
  6767 | D:6      | Lost mutation: You are clumsy. (Dex -2) [mutagenic meat]
  6768 | D:6      | Gained mutation: You can translocate small distances at will. [mutagenic meat]
  6800 | D:6      | XOM: silly message
  6968 | D:6      | XOM: enchant monster (bad)
  7578 | D:7      | Found a staircase to the Ecumenical Temple.
  7805 | D:7      | XOM: noise
  7814 | D:7      | XOM: mild Necr miscast
  7854 | D:7      | XOM: give mutations
  7854 | D:7      | Lost mutation: You can translocate small distances at will. [Xom's mischief]
  7854 | D:7      | Lost mutation: Your system is resistant to poisons. [Xom's mischief]
  7981 | D:7      | Found an opulent altar of Gozag.
  8055 | D:7      | XOM: god gift: scroll of random uselessness
  8132 | D:7      | XOM: enchant monster (good)
  8243 | D:8      | Reached skill level 13 in Unarmed Combat
  8309 | D:8      | Noticed namelastname112's ghost (novice FeTm)
  8325 | D:8      | Reached skill level 1 in Spellcasting
  8325 | D:8      | Reached skill level 1 in Transmutations
  8327 | D:8      | XOM: summons friendly quasit
  8330 | D:8      | XOM: destruction
  8349 | D:8      | Killed namelastname112's ghost
  8656 | D:8      | Reached XP level 10. HP: 70/78 MP: 13/13
  8799 | D:9      | XOM: smoke on damage
  8980 | D:9      | Found Nockus's Magic Scroll Shoppe.
  9240 | D:9      | XOM: colour smoke trail
  9255 | D:9      | Found a staircase to the Lair.
  9273 | D:9      | XOM: medium Ice miscast
  9366 | D:9      | XOM: blink monster(s)
  9544 | D:9      | Noticed a harpy
  9544 | D:9      | a troll changed into a harpy
  9544 | D:9      | XOM: polymorph troll -> harpy
  9554 | D:9      | Killed a harpy
  9827 | D:9      | Found a snail-covered altar of Cheibriados.
  9829 | D:9      | Found a glowing golden altar of the Shining One.
  9867 | D:9      | XOM: mild Chrm miscast
  9993 | D:9      | XOM: harmless Tloc miscast
  9995 | D:9      | XOM: medium Necr miscast
 10009 | D:9      | Gained mutation: Your spells are a little harder to cast, but a little more powerful. [evolution]
 10152 | D:6      | Bought a pair of polished gloves for 228 gold pieces
 10162 | D:6      | Identified the +3 pair of gloves of Mirth {rPois rN+ Regen+ Int-5} (You bought it in a shop on level 6 of the Dungeon)
 10222 | D:8      | XOM: harmless Ice miscast
 10254 | D:10     | Entered Level 10 of the Dungeon
 10382 | D:10     | Reached skill level 5 in Fighting
 10487 | D:10     | Found a blossoming altar of Fedhas.
 10490 | D:10     | XOM: summons 2 hostile shadow creatures
 10812 | D:10     | Noticed a hill giant
 10822 | D:10     | Killed a hill giant
 10822 | D:10     | Reached skill level 5 in Spellcasting
 10822 | D:10     | Reached skill level 5 in Transmutations
 10852 | D:10     | Noticed a hill giant
 10866 | D:10     | Killed a hill giant
 10871 | D:10     | XOM: harmless Trmt miscast
 10923 | D:10     | Noticed a gargoyle
 10935 | D:10     | Killed a gargoyle
 10935 | D:10     | Reached XP level 11. HP: 64/88 MP: 19/19
 11128 | D:10     | XOM: enchant monster (bad)
 11136 | D:10     | XOM: give mutations
 11136 | D:10     | Gained mutation: You have a beak for a mouth. [Xom's mischief]
 11136 | D:10     | Gained mutation: [Your body sometimes deteriorates upon taking damage.] [Xom's mischief]
 11136 | D:10     | Gained mutation: Your magical capacity is low (-10% MP). [Xom's mischief]
 11151 | D:10     | XOM is BORED!
 11151 | D:10     | XOM: confusion (+ monsters)
 11203 | D:10     | XOM: noise
 11217 | D:11     | XOM: medium Divn miscast
 11225 | D:11     | XOM: confusion (+ monsters)
 11231 | D:11     | XOM: summons 2 friendly demons
 11365 | D:11     | Killed an unseen horror
 11447 | D:11     | XOM: mild Hex miscast
 11451 | D:11     | Killed an unseen horror
 11457 | D:11     | Found a frozen archway.
 11497 | IceCv    | XOM: noise
 11497 | IceCv    | Entered an ice cave
 11505 | IceCv    | XOM: enchant monster (good)
 11508 | IceCv    | XOM: blink monster(s)
 11516 | IceCv    | XOM: harmless Pois miscast
 11517 | IceCv    | XOM: confusion
 11571 | IceCv    | XOM: fog
 11704 | IceCv    | XOM: silly message
 11729 | IceCv    | XOM: mild Necr miscast
 11817 | IceCv    | XOM: polymorph yak -> spriggan
 12127 | IceCv    | Reached XP level 12. HP: 75/94 MP: 22/22
 12139 | IceCv    | XOM: summons friendly quasit
 12174 | IceCv    | XOM: potion effect (berserk rage)
 12294 | IceCv    | Noticed a frost giant
 12331 | IceCv    | Killed a frost giant
 12331 | IceCv    | Reached skill level 10 in Transmutations
 12383 | IceCv    | XOM: enchant monster (bad)
 12651 | D:11     | Noticed a death knight
 12658 | D:11     | XOM: summons friendly iron imp
 12799 | Lair:1   | Entered Level 1 of the Lair of Beasts
 12811 | Lair:1   | Gained mutation: Your skin changes colour to match your surroundings (Stealth). [potion of mutation]
 12811 | Lair:1   | Lost mutation: You have a pair of antennae on your head. [potion of mutation]
 12811 | Lair:1   | Lost mutation: You occasionally shout uncontrollably at your foes. [potion of mutation]
 12868 | Lair:1   | XOM: mild Conj miscast
 13031 | Lair:1   | Noticed crawlian's ghost (novice TrMo)
 13040 | Lair:1   | Killed crawlian's ghost
 13040 | Lair:1   | Reached skill level 10 in Spellcasting
 13260 | Lair:1   | XOM: cast spell 'Necromutation'
 13399 | Lair:1   | XOM: divination: detect creatures
 13466 | Lair:1   | XOM: cast spell 'Ice Form'
 13487 | Lair:1   | XOM: mild Conj miscast
 13560 | Lair:1   | Learned a level 4 spell: Ice Form
 13578 | Lair:1   | XOM: cast spell 'Necromutation'
 13604 | Lair:2   | Found a labyrinth entrance.
 13615 | Lab      | Entered a labyrinth
 13642 | Lab      | XOM: medium Fire miscast
 13764 | Lab      | Noticed a minotaur
 13773 | Lab      | XOM: butterfly on damage
 13791 | Lab      | Killed a minotaur
 13818 | Lab      | Got an ancient iron ring
 13824 | Lab      | Identified the ring of the Heavens {rF- Str+6 Dex+2 SInv} (You found it in a labyrinth)
 13844 | Lair:2   | XOM: colour smoke trail
 13953 | Lair:2   | Noticed Gastronok
 13973 | Lair:2   | Killed Gastronok
 14051 | Lair:2   | Noticed a five-headed hydra
 14056 | Lair:2   | XOM: divination: detect items
 14069 | Lair:2   | XOM: confuse monster(s)
 14094 | Lair:2   | XOM: 1-stop teleportation journey
 14442 | Lair:2   | XOM: mild Necr miscast
 14491 | Lair:2   | Noticed a seven-headed hydra
 14493 | Lair:2   | XOM: confuse monster(s)
 14505 | Lair:2   | XOM: confuse monster(s)
 14506 | Lair:2   | Killed a seven-headed hydra
 14718 | Lair:2   | Noticed Nergalle
 14723 | Lair:2   | XOM: potion effect (might)
 14730 | Lair:2   | XOM: cast spell 'Summon Ice Beast'
 14732 | Lair:2   | XOM: divination: detect creatures
 14738 | Lair:2   | Killed Nergalle
 14960 | Lair:2   | XOM: confuse monster(s)
 14969 | Lair:2   | XOM: cast spell 'Ring of Flames'
 14984 | Lair:2   | Reached XP level 13. HP: 100/100 MP: 25/25
 15299 | Lair:3   | XOM: cast spell 'Summon Butterflies'
 15317 | Lair:3   | XOM: harmless Conj miscast
 15414 | Lair:3   | XOM: cast spell 'Call Canine Familiar'
 15431 | Lair:3   | XOM: potion effect (haste)
 15452 | Lair:3   | XOM: potion effect (brilliance)
 15458 | Lair:3   | XOM: enchant monster (good)
 15494 | Lair:3   | XOM: confuse monster(s)
 15536 | Lair:3   | Got a scorched rapier {freeze}
 15575 | Lair:3   | XOM: enchant monster (bad)
 15704 | Lair:3   | XOM: mild Trmt miscast
 15789 | Lair:3   | XOM: 2-stop teleportation journey
 16535 | D:5      | XOM: silly message
 16580 | D:4      | Bought a scroll of acquirement for 572 gold pieces
 16583 | D:4      | Got a polished buckler
 16589 | D:4      | Identified the +0 buckler "Vaehirr" {rCorr Dex+3} (You acquired it on level 4 of the Dungeon)
 16696 | D:8      | XOM: silly message
 16706 | D:8      | Lost mutation: Your magical capacity is low (-10% MP). [mutagenic meat]
 16707 | D:8      | Lost mutation: Your natural rate of healing is unusually fast. [mutagenic meat]
 16796 | D:9      | XOM: give mutation
 16796 | D:9      | Lost mutation: You tend to lose your temper in combat. [Xom's mischief]
 16962 | Lair:4   | XOM: confuse monster(s)
 17239 | Lair:4   | XOM: enchant monster (good)
 17402 | Lair:4   | XOM: potion effect (might)
 17589 | Lair:4   | XOM: 1-stop teleportation journey
 17607 | Lair:4   | XOM: colour smoke trail
 17689 | Lair:4   | XOM: noise
 17710 | Lair:4   | Noticed Sonja
 17729 | Lair:4   | Killed Sonja
 17738 | Lair:4   | Identified the +11 rapier "Butushro" {freeze, *Noise Str+7 Int+4} (You took it off a spriggan on level 3 of the Lair of Beasts)
 17798 | Lair:4   | Found a staircase to the Swamp.
 17832 | Lair:4   | XOM: enchant monster (good)
 17864 | Lair:4   | XOM: 2-stop teleportation journey
 18051 | Lair:4   | XOM: polymorph wolf -> porcupine
 18113 | Lair:4   | XOM: give mutations
 18113 | Lair:4   | Gained mutation: You have an increased reservoir of magic (+10% MP). [Xom's grace]
 18113 | Lair:4   | Gained mutation: Your tail ends in a poisonous barb. [Xom's grace]
 18113 | Lair:4   | Gained mutation: You rapidly evolve. [Xom's grace]
 18155 | Lair:4   | XOM: god gift: hunting sling {god gift}
 18325 | Lair:5   | XOM: potion effect (brilliance)
 18329 | Lair:5   | XOM: enchant monster (good)
 18335 | Lair:5   | XOM: give mutation
 18335 | Lair:5   | Gained mutation: You possess an exceptional clarity of mind. [Xom's grace]
 18356 | Lair:5   | XOM: confuse monster(s)
 18506 | Lair:5   | XOM: swap monsters
 18612 | Lair:5   | XOM: scenery: create altars
 18703 | Lair:5   | XOM: harmless Fire miscast
 18830 | Lair:5   | XOM: god gift: ring mail {god gift}
 18933 | Lair:5   | XOM: give mutations
 18933 | Lair:5   | Gained mutation: Your mind is acute. (Int +2) [Xom's grace]
 18933 | Lair:5   | Gained mutation: You are resistant to electric shocks. [Xom's grace]
 18933 | Lair:5   | Gained mutation: You have large cloven feet. [Xom's grace]
 18933 | Lair:5   | Gained mutation: Your mind is very acute. (Int +4) [Xom's grace]
 18950 | Lair:5   | XOM: mild Trmt miscast
 19283 | Lair:6   | XOM: summons 2 friendly demons
 19293 | Lair:6   | Reached skill level 14 in Transmutations
 19311 | Lair:6   | XOM: divination: detect items
 19603 | Lair:6   | Found a hole to the Spider Nest.
 19725 | Lair:6   | XOM: divination: detect creatures
 20216 | Lair:7   | Found a staircase to the Slime Pits.
 20265 | Lair:7   | XOM: destruction
 20267 | Lair:7   | XOM: summons friendly crimson imp
 20270 | Lair:7   | Reached XP level 14. HP: 107/107 MP: 33/33
 20273 | Lair:7   | XOM: enchant monster (good)
 20455 | Lair:7   | Gained mutation: Your flesh is very cold resistant. [evolution]
 20642 | Lair:7   | XOM: mild Necr miscast
 20682 | Lair:7   | Reached skill level 15 in Transmutations
 20683 | Lair:7   | XOM: noise
 20722 | Lair:7   | XOM: divination: detect items
 20734 | Lair:7   | XOM: mild Air miscast
 20932 | Lair:7   | XOM: harmless Chrm miscast
 20960 | Lair:7   | XOM: cast spell 'Dispersal'
 20965 | Lair:7   | XOM: give mutations
 20965 | Lair:7   | Lost mutation: [Your body sometimes deteriorates upon taking damage.] [Xom's mischief]
 20965 | Lair:7   | Lost mutation: You have large cloven feet. [Xom's mischief]
 21076 | Lair:7   | XOM: colour smoke trail
 21160 | Lair:7   | XOM: potion effect (might)
 21309 | Lair:8   | Entered Level 8 of the Lair of Beasts
 21312 | Lair:8   | XOM: potion effect (haste)
 21355 | Lair:8   | XOM: harmless Conj miscast
 21385 | Lair:8   | XOM: harmless Air miscast
 21393 | Lair:8   | XOM: silly message
 21538 | Lair:8   | Reached skill level 16 in Transmutations
 21584 | Lair:8   | XOM: harmless Summ miscast
 21703 | Lair:8   | XOM: summons friendly white imp
 21831 | Lair:8   | XOM: summons friendly white imp
 21832 | Lair:8   | XOM: mild Ice miscast
 21972 | Lair:8   | XOM: mild Erth miscast
 22028 | Lair:8   | XOM: potion effect (berserk rage)
 22030 | Lair:8   | Reached skill level 5 in Dodging
 22151 | Lair:8   | XOM: silly message
 22168 | Lair:8   | HP: 8/162 [poisoned by a hornet]
 22173 | Lair:8   | HP: 8/162 [poisoned by a hornet]
 22180 | Lair:8   | HP: 8/162 [poisoned by a hornet]
 22511 | Lair:8   | XOM: potion effect (invisibility)
 22857 | Lair:8   | XOM: potion effect (brilliance)
 23077 | Lair:8   | XOM: harmless Conj miscast
 23079 | Lair:8   | Reached XP level 15. HP: 116/116 MP: 20/34
 23137 | Lair:8   | XOM: silly message
 23166 | Lair:8   | XOM: mild Necr miscast
 23236 | Lair:8   | XOM: harmless Divn miscast
 23278 | Lair:8   | XOM: potion effect (heal wounds)
 23284 | Lair:8   | XOM: potion effect (brilliance)
 23329 | Lair:8   | XOM: potion effect (might)
 23696 | Lair:3   | XOM: divination: detect creatures
 23773 | Lair:1   | Learned a level 3 spell: Regeneration
 23781 | Lair:1   | Learned a level 6 spell: Statue Form
 24038 | D:11     | XOM: divination: magic mapping
 24055 | D:11     | XOM: harmless Conj miscast
 24109 | D:11     | XOM: god gift: great sword {god gift}
 24214 | D:11     | XOM: cast spell 'Necromutation'
 24247 | D:11     | Found a staircase to the Orcish Mines.
 24256 | D:11     | XOM: summons friendly white imp
 24266 | D:11     | XOM: enchant monster (good)
 24275 | D:11     | XOM: summons 14 friendly demons
 24289 | D:11     | XOM: destruction
 24295 | D:11     | XOM: confuse monster(s)
 24314 | D:11     | XOM: polymorph death knight -> moth of wrath
 24478 | Orc:1    | Entered Level 1 of the Orcish Mines
 24482 | Orc:1    | Found Nimomotifri's Assorted Antiques.
 24510 | Orc:1    | XOM: mild Air miscast
 24523 | Orc:1    | XOM: cast spell 'Leda's Liquefaction'
 24527 | Orc:1    | XOM: noise
 24598 | Orc:1    | XOM: cast spell 'Call Canine Familiar'
 24602 | Orc:1    | XOM: confuse monster(s)
 24612 | Orc:1    | XOM: smoke on damage
 25203 | Orc:2    | Entered Level 2 of the Orcish Mines
 25273 | Orc:2    | XOM: cast spell 'Call Canine Familiar'
 25278 | Orc:2    | XOM: potion effect (haste)
 25307 | Orc:2    | Found Fuadghuo's Jewellery Shop.
 25307 | Orc:2    | Found Edwusof's Magic Scroll Shoppe.
 25346 | Orc:2    | Bought a scroll of blinking for 112 gold pieces
 25379 | Orc:2    | Bought an uncursed ring of protection from fire for 250 gold pieces
 25392 | Orc:2    | Found a roughly hewn altar of Beogh.
 25420 | Orc:2    | Found Plog's Armour Shoppe.
 25435 | Orc:2    | XOM: cast spell 'Summon Butterflies'
 25436 | Orc:2    | XOM: polymorph butterfly -> gnoll
 25442 | Orc:2    | Found Hueboede's Assorted Antiques.
 25693 | Orc:2    | Found a staircase to the Elven Halls.
 25803 | Orc:2    | Noticed Saint Roka
 25890 | Orc:2    | Killed Saint Roka
 26326 | Orc:2    | XOM: mild Chrm miscast
 26367 | Orc:2    | XOM: medium Fire miscast
 26488 | D:11     | XOM: harmless Summ miscast
 26568 | D:6      | Bought a wand of heal wounds (6/9) for 660 gold pieces
 26768 | Swamp:1  | Entered Level 1 of the Swamp
 26771 | Swamp:1  | XOM: silly message
 26795 | Swamp:1  | XOM: harmless Fire miscast
 26911 | Swamp:1  | XOM: give mutations
 26911 | Swamp:1  | Lost mutation: You are resistant to electric shocks. [Xom's mischief]
 26911 | Swamp:1  | Lost mutation: You possess an exceptional clarity of mind. [Xom's mischief]
 26911 | Swamp:1  | Lost mutation: Your spells are a little harder to cast, but a little more powerful. [Xom's mischief]
 26911 | Swamp:1  | Lost mutation: You have an increased reservoir of magic (+10% MP). [Xom's mischief]
 26953 | Swamp:1  | XOM: confusion
 27164 | Swamp:1  | Noticed a thorn hunter
 27165 | Swamp:1  | XOM: divine lightning
 27167 | Swamp:1  | Killed a thorn hunter
 27312 | Swamp:2  | XOM: 5-stop teleportation journey
 27347 | Swamp:2  | XOM: swap monsters
 27378 | Swamp:2  | XOM: god gift: embroidered cloak {god gift}
 27424 | Swamp:2  | Reached skill level 1 in Evocations
 27442 | Swamp:2  | Gained mutation: Your muscles are strong. (Str +2) [evolution]
 27529 | Swamp:2  | XOM: divination: magic mapping
 27533 | Swamp:2  | XOM: enchant monster (good)
 27577 | Swamp:2  | XOM: fog
 27594 | Swamp:2  | Got a steaming tin ring
 27616 | Swamp:2  | Identified the ring of the Priest {EV+4 Str+3} (You found it on level 2 of the Swamp)
 27630 | Swamp:2  | XOM: give mutations
 27630 | Swamp:2  | Gained mutation: Your natural rate of healing is unusually fast. [Xom's grace]
 27630 | Swamp:2  | Gained mutation: Your system is resistant to poisons. [Xom's grace]
 27640 | Swamp:2  | XOM: give mutation
 27640 | Swamp:2  | Gained mutation: Your spells are a little harder to cast, but a little more powerful. [Xom's grace]
 27907 | Swamp:2  | XOM: summons 2 friendly demons
 27988 | Swamp:2  | XOM: god gift: piece from Xom's chessboard
 28078 | Swamp:3  | Noticed a thorn hunter
 28086 | Swamp:3  | XOM: swap monsters
 28091 | Swamp:3  | Killed a thorn hunter
 28103 | Swamp:3  | XOM: summons friendly ufetubus
 28113 | Swamp:3  | Reached skill level 10 in Fighting
 28130 | Swamp:3  | Reached XP level 16. HP: 104/134 MP: 32/32
 28184 | Swamp:3  | XOM: 3-stop teleportation journey
 28234 | Swamp:3  | XOM: cast spell 'Necromutation'
 28408 | Swamp:3  | XOM: destruction
 28446 | Swamp:3  | XOM: swap monsters
 28465 | Swamp:3  | XOM: summons friendly sun demon
 28503 | Swamp:3  | XOM: colour smoke trail
 28693 | Swamp:3  | Noticed a thorn hunter
 28698 | Swamp:3  | Killed a thorn hunter
 28705 | Swamp:3  | Lost mutation: You expend magic power (3 MP) to strengthen your wands. [evolution]
 28763 | Swamp:3  | Found a burning altar of Makhleb.
 28763 | Swamp:3  | XOM: potion effect (berserk rage)
 29138 | Swamp:4  | Entered Level 4 of the Swamp
 29198 | Swamp:4  | XOM: harmless Air miscast
 29261 | Swamp:4  | XOM: harmless Pois miscast
 29263 | Swamp:4  | XOM: confusion
 29420 | Swamp:4  | XOM: potion effect (curing)
 29482 | Swamp:3  | XOM: divination: detect creatures
 29495 | Swamp:4  | Reached skill level 10 in Dodging
 29499 | Swamp:4  | XOM: mild Divn miscast
 29526 | Swamp:4  | XOM: enchant monster (good)
 29570 | Swamp:4  | Reached skill level 15 in Unarmed Combat
 29580 | Swamp:4  | Got a decaying rune of Zot
 29620 | Swamp:4  | XOM: noise
 30052 | Swamp:4  | XOM: potion effect (brilliance)
 30120 | Swamp:4  | Lost mutation: Your tail ends in a poisonous barb. [evolution]
 30120 | Swamp:4  | Lost mutation: You rapidly evolve. [end of evolution]
 30196 | Swamp:2  | XOM: mild Fire miscast
 30273 | Lair:4   | Upgraded the game from 0.18-a0-1147-g8e8348b to 0.18-a0-1157-g59db91b
 30324 | Lair:6   | XOM: medium Necr miscast
 30342 | Spider:1 | Entered Level 1 of the Spider Nest
 30342 | Spider:1 | XOM: polymorph jumping spider -> anubis guard
 30345 | Spider:1 | XOM: repel stairs
 30347 | Spider:1 | XOM: harmless Divn miscast
 30356 | Spider:1 | XOM: summons 2 friendly demons
 30359 | Spider:1 | Noticed Kirke
 30409 | Spider:1 | XOM: mild Divn miscast
 30430 | Spider:1 | XOM: medium Tloc miscast
 30490 | Spider:1 | XOM: harmless Fire miscast
 30571 | Spider:1 | Killed Kirke
 30571 | Spider:1 | Reached skill level 5 in Evocations
 30589 | Spider:1 | XOM: medium Divn miscast
 30597 | Spider:1 | XOM: 1-stop teleportation journey
 30613 | Spider:1 | XOM: repel stairs
 30662 | Spider:1 | XOM: 1-stop teleportation journey
 30663 | Spider:1 | XOM: summons friendly white imp
 30667 | Spider:1 | XOM: blink monster(s)
 30671 | Spider:1 | XOM: vitrification
 30691 | Spider:1 | XOM: vitrification
 31030 | Spider:1 | Reached skill level 1 in Charms
 31149 | Spider:1 | XOM: summons friendly shadow imp
 31251 | Spider:2 | XOM: potion effect (magic)
 31255 | Spider:2 | XOM: confusion (+ monsters)
 31270 | Spider:2 | XOM: mild Hex miscast
 31271 | Spider:2 | Reached XP level 17. HP: 148/148 MP: 33/33
 31372 | Spider:2 | XOM: enchant monster (good)
 31758 | Spider:2 | XOM: give mutations
 31758 | Spider:2 | Lost mutation: Your flesh is very cold resistant. [Xom's mischief]
 31758 | Spider:2 | Lost mutation: Your mind is very acute. (Int +4) [Xom's mischief]
 31758 | Spider:2 | Gained mutation: You have sharp fingernails. [Xom's mischief]
 31873 | Spider:2 | XOM: confusion
 31895 | Spider:2 | XOM: enchant monster (bad)
 32198 | Spider:3 | XOM: divination: detect creatures
 32206 | Spider:3 | Noticed Jorgrun
 32212 | Spider:3 | Killed Jorgrun
 32266 | Spider:3 | XOM: god gift: tubular glass ring {god gift}
 32292 | Spider:3 | XOM: confuse monster(s)
 32389 | Spider:3 | XOM: noise
 32500 | Spider:3 | XOM: cast spell 'Death Channel'
 32510 | Spider:3 | Noticed Wiglaf
 32523 | Spider:3 | Killed Wiglaf
 32587 | Spider:3 | XOM: god gift: scroll labeled KOXUN HIAKAU
 32591 | Spider:3 | XOM: noise
 32792 | Spider:3 | XOM: give mutation
 32792 | Spider:3 | Gained mutation: You are covered in fur (AC +1). [Xom's grace]
 32904 | Spider:4 | Entered Level 4 of the Spider Nest
 32905 | Spider:4 | XOM: swap monsters
 32927 | Spider:4 | XOM: cast spell 'Cause Fear'
 32933 | Spider:4 | XOM: fog
 32936 | Spider:4 | XOM: polymorph emperor scorpion -> catoblepas
 32951 | Spider:4 | XOM: summons 11 friendly demons
 33050 | Spider:4 | XOM: harmless Necr miscast
 33066 | Spider:4 | XOM: enchant monster (good)
 33084 | Spider:4 | XOM: noise
 33553 | Spider:4 | XOM: harmless Necr miscast
 33637 | Spider:4 | Got a gossamer rune of Zot
 34114 | Lair:2   | Gained mutation: Your muscles are very strong. (Str +4) [evolution]
 34286 | Orc:2    | XOM: medium Divn miscast
 34296 | Elf:1    | Entered Level 1 of the Elven Halls
 34296 | Elf:1    | Noticed Aizul
 34307 | Orc:2    | Killed Aizul
 34308 | Orc:2    | XOM: blink monster(s)
 34396 | Elf:1    | You are sucked into a shaft!
 34430 | Elf:2    | XOM: enchant monster (good)
 34431 | Elf:2    | Reached XP level 18. HP: 158/158 MP: 34/34
 34442 | Elf:2    | XOM: 3-stop teleportation journey
 34463 | Elf:2    | XOM: potion effect (agility)
 34488 | Elf:2    | XOM: noise
 34923 | Elf:2    | Found a runed gate.
 34923 | Elf:2    | Found a runed gate.
 34923 | Elf:2    | Found a runed gate.
 35052 | Elf:2    | XOM: summons 3 hostile demons
 35168 | Elf:1    | XOM: give mutations
 35168 | Elf:1    | Lost mutation: Your natural rate of healing is unusually fast. [Xom's mischief]
 35168 | Elf:1    | Lost mutation: Your system is resistant to poisons. [Xom's mischief]
 35168 | Elf:1    | Lost mutation: You have a pair of small antennae on your head. [Xom's mischief]
 35168 | Elf:1    | Lost mutation: Your muscles are very strong. (Str +4) [Xom's mischief]
 35172 | Elf:1    | XOM: cast spell 'Conjure Ball Lightning'
 35284 | Elf:1    | Found a portal to a secret trove of treasure.
 35389 | Elf:1    | XOM: summons 5 friendly demons
 35392 | Elf:1    | XOM: confusion
 35403 | Elf:1    | XOM: 1-stop teleportation journey
 35471 | Elf:1    | Noticed WhatIsLove's ghost (adept DsGl)
 35486 | Elf:1    | Reached skill level 5 in Charms
 35497 | Elf:1    | Killed WhatIsLove's ghost
 35498 | Elf:1    | XOM: summons friendly iron imp
 35541 | Elf:1    | Gained mutation: You have sharp toenails. [evolution]
 35775 | Elf:1    | XOM: blink monster(s)
 35792 | Elf:1    | XOM: chaos upgrade
 35793 | Elf:1    | XOM: cast spell 'Death Channel'
 36131 | Elf:3    | Entered Level 3 of the Elven Halls
 36144 | Elf:2    | XOM: vitrification
 36289 | Elf:3    | Found Pair's Book Emporium.
 36322 | Elf:3    | Bought a book of Enchantments for 800 gold pieces
 36331 | Elf:3    | Learned a level 6 spell: Haste
 36338 | Elf:3    | Learned a level 6 spell: Deflect Missiles
 36393 | Elf:3    | Found Vierr's Jewellery Emporium.
 36443 | Elf:3    | XOM: summons friendly shadow imp
 36454 | Elf:3    | Reached skill level 1 in Air Magic
 36481 | Elf:3    | XOM: destruction
 36707 | Elf:3    | Found Qofoxuyn's Gadget Emporium.
 36787 | Elf:3    | XOM: divination: detect creatures
 36842 | Elf:3    | XOM: polymorph deep elf archer -> giant orange brain
 36846 | Elf:3    | Found an ancient bone altar of Kikubaaqudgha.
 37112 | Elf:3    | XOM: fake destruction
 37130 | Elf:3    | XOM: smoke on damage
 37146 | Elf:3    | XOM: noise
 37219 | Elf:3    | XOM: cast spell 'Dragon Form'
 37282 | Elf:3    | XOM: summons 4 friendly demons
 37376 | Elf:3    | XOM: summons friendly white imp
 37378 | Elf:3    | XOM: summons friendly quasit
 37381 | Elf:3    | XOM: enchant monster (good)
 37385 | Elf:3    | Reached skill level 5 in Air Magic
 37390 | Elf:3    | XOM: summons friendly quasit
 37410 | Elf:3    | XOM: destruction
 37427 | Elf:3    | Cast into level 2 of the Abyss (a deep elf sorcerer)
 37449 | Abyss:2  | XOM: mild Conj miscast
 37483 | Abyss:2  | XOM: polymorph giant orange brain -> shock serpent
 37490 | Abyss:2  | XOM: smoke on damage
 37498 | Abyss:2  | Reached XP level 19. HP: 59/166 MP: 32/36
 37599 | Abyss:3  | XOM: confuse monster(s)
 37626 | Abyss:3  | XOM: confusion (+ monsters)
 37762 | Abyss:3  | XOM: polymorph large abomination -> something unseen
 37833 | Abyss:3  | Noticed a bone dragon
 37835 | Abyss:3  | XOM: potion effect (experience)
 37835 | Abyss:3  | Reached XP level 20. HP: 173/173 MP: 37/37
 37836 | Abyss:3  | XOM: enchant monster (good)
 37867 | Abyss:3  | XOM: divination: detect creatures
 37892 | Abyss:3  | XOM: smoke on damage
 37897 | Abyss:3  | XOM: cast spell 'Call Canine Familiar'
 37945 | Abyss:3  | XOM: scenery: create altars
 37958 | Abyss:3  | XOM: god gift: 51 gold pieces
 38027 | Abyss:3  | XOM: summons friendly crimson imp
 38031 | Abyss:3  | XOM: confuse monster(s)
 38064 | Abyss:3  | XOM: divination: detect items
 38064 | Abyss:3  | Gained mutation: Potions and wands are less effective at restoring your health. [a neqoxec]
 38065 | Abyss:3  | Found a corrupted altar of Lugonu.
 38071 | Abyss:3  | XOM: summons 1 hostile demon
 38073 | Abyss:3  | XOM: enchant monster (bad)
 38085 | Abyss:3  | XOM: blink monster(s)
 38093 | Abyss:3  | XOM: destruction
 38124 | Abyss:3  | Noticed an ancient lich
 38125 | Abyss:3  | XOM: smoke on damage
 38132 | Abyss:3  | Killed an ancient lich
 38134 | Abyss:3  | XOM: cast spell 'Olgreb's Toxic Radiance'
 38137 | Abyss:3  | HP: 7/259 [smoke demon/divine providence (14)]
 38139 | Abyss:3  | Slain by a large abomination

Vault maps used:
D:1:      lemuel_arrival_room, hangedman_abyss_or_decor_lesser_grid
D:2:      lightli_temple_of_fire, first_bread
D:3:      minmay_goblin_kobold_castle, nicolae_overflow_quartered_altars,
          grunt_gozag_statues
D:4:      okawaru_trees_2, enter_ossuary_5, serial_shops,
          nicolae_shop_statue_plus, uniq_sigmund, uniq_pikel, uniq_eustachio
D:5:      lemuel_doored_altar, gammafunk_temple_overflow_wave
D:6:      basic_altar, serial_shops, nicolae_shop_stone, nicolae_good_shop
D:7:      nicolae_overflow_crystal_walls, minmay_temple_entry_nine_rooms
D:9:      minitemple, dpeg_oklobed_lair, serial_glass, glass_columns_b,
          glass_columns_a, serial_shops, shop_fountains
D:10:     minivault_25, hangedman_tree_tricks, minivault_16
D:11:     orc_0_dummy, portal_ice_cave_entry_imps, st_stairs_9
Lair:1:   lemuel_fruit_tree, infiniplex_staircase_pool_2, lemuel_fruit_fields
Lair:2:   lab_entry_generic, st_stairs_7, uniq_nergalle, uniq_gastronok
Lair:3:   wad_woods_02
Lair:4:   swamp_mist, grunt_megastairs_3, serial_bayou_shore_a, uniq_sonja
Lair:6:   spider_nest_entry_rubble, st_stairs_9
Lair:7:   cheibrodos_magma_flow, minmay_slime_entry_eyes
Lair:8:   hangedman_lair_tendril_chambers, guppyfry_lair_end_dragon,
          serial_bayou_shore_b
Swamp:1:  evilmike_swamp_ruin_house_6, swamp_pool2, cheibrodos_swamp_kobolds
Swamp:2:  evilmike_swamp_ruin_house_4, infiniplex_staircase_pool
Swamp:3:  nicolae_swamp_godswood, swamp_pool1, nicolae_swamp_baby_hydras
Swamp:4:  swamp_fiery
Spider:1: uniq_kirke
Spider:3: uniq_jorgrun, uniq_wiglaf
Spider:4: grunt_spider_rune_circles
Orc:1:    nicolae_orc_accident_1, serial_shops, shop
Orc:2:    st_orc_town, uniq_saint_roka
Elf:1:    elf_arrival_002, nicolae_trove_entry_columns, minivault_28, uniq_aizul
Elf:3:    minmay_elf_hall_hex, basic_altar, serial_shops, shop,
          nicolae_shop_temple_entry_statues_fountains, shop
Abyss:3:  evilmike_abyss_rune_tentacle_tunnel
Lab:      labyrinth_spiral, nicolae_lab_statue, nicolae_lab_starburst,
          lab_statue, labyrinth_glass_1, labyrinth_skeletal_remains
IceCv:    ice_cave_caverns_02

Action                   |  1- 3 |  4- 6 |  7- 9 | 10-12 | 13-15 | 16-18 | 19-21 || total
-------------------------+-------+-------+-------+-------+-------+-------+-------++-------
Melee: Unarmed           |   111 |   236 |   337 |   892 |  1765 |  1100 |   198 ||  4639
 Fire: Blowgun           |       |       |       |     2 |       |       |       ||     2
 Cast: Ice Form          |       |       |       |     1 |       |       |       ||     1
       Dragon Form       |       |       |       |       |    46 |    55 |     6 ||   107
       Regeneration      |       |       |       |       |     3 |    34 |    16 ||    53
 Abil: Breathe Frost     |       |       |     7 |    11 |     7 |     3 |       ||    28
Evoke: Wand              |       |       |       |    12 |       |    18 |     1 ||    31
       Deck              |       |       |       |     1 |       |       |       ||     1
       Rod               |       |       |       |     9 |     2 |     2 |       ||    13
  Use: Scroll            |       |     2 |    12 |    10 |    16 |    15 |       ||    55
       Potion            |       |     1 |     6 |     3 |     6 |     7 |     2 ||    25
 Stab: Petrifying        |       |       |     1 |       |       |       |       ||     1
       Sleeping          |       |       |       |     3 |    11 |     2 |       ||    16
       Confused          |       |       |       |     2 |     8 |     1 |     1 ||    12
       Distracted        |       |       |       |       |     6 |     4 |     1 ||    11
       Invisible         |       |       |       |       |     4 |       |       ||     4
       Betrayed ally     |       |       |       |       |     1 |     1 |       ||     2
  Eat: Chunk             |     1 |     6 |    19 |    30 |    42 |    31 |       ||   129
       Fruit             |       |       |     1 |     4 |       |       |       ||     5
       Beef jerky        |       |       |     2 |       |     3 |     5 |       ||    10
       Pizza             |       |       |     1 |       |     3 |       |       ||     4
       Royal jelly       |       |       |       |     1 |     5 |    11 |       ||    17
       Meat ration       |       |       |       |       |     2 |     2 |       ||     4
       Bread ration      |       |       |       |       |     2 |       |       ||     2
